[ PARTIDA AOE2 · #456994148 ]
Team RMBohemios vs Tupi
[ ANÁLISIS DE REPETICIÓN · EXTRAÍDO DE LA PARTIDA GRABADA ]
Feudal
15:12
Castillos
25:10
Imperial
—
| APM promedio | 23.9 |
| APM pico | 58 |
| eAPM promedio | 13.2 |
| Aldeanos / militares | 62 / 1 |
Foco
⚔️ 16.9% · 🌾 83.1%
Fishing Ship ×22 · Galley ×1
Feudal
17:28
Castillos
21:58
Imperial
—
| APM promedio | 35.6 |
| APM pico | 100 |
| eAPM promedio | 15.0 |
| Aldeanos / militares | 66 / 25 |
Foco
⚔️ 19.0% · 🌾 81.0%
Fishing Ship ×15 · Bolas Rider ×11 · Spearman ×7 · Fire Galley ×3 · Kona ×2 · Battering Ram ×2
Feudal
16:53
Castillos
31:16
Imperial
—
| APM promedio | 31.1 |
| APM pico | 85 |
| eAPM promedio | 15.5 |
| Aldeanos / militares | 77 / 70 |
Foco
⚔️ 44.6% · 🌾 55.4%
Archer ×32 · Militia ×18 · Fishing Ship ×7 · Skirmisher ×7 · Demolition Raft ×3 · Fire Galley ×3
Feudal
14:23
Castillos
24:44
Imperial
—
| APM promedio | 35.7 |
| APM pico | 89 |
| eAPM promedio | 18.8 |
| Aldeanos / militares | 51 / 89 |
Foco
⚔️ 34.6% · 🌾 65.4%
Militia ×56 · Skirmisher ×19 · Fishing Ship ×12 · Demolition Raft ×8 · Archer ×6
Feudal
19:16
Castillos
—
Imperial
—
| APM promedio | 31.0 |
| APM pico | 170 |
| eAPM promedio | 10.6 |
| Aldeanos / militares | 31 / 10 |
Foco
⚔️ 8.5% · 🌾 91.5%
Skirmisher ×6 · Fishing Ship ×4 · Archer ×4
Feudal
14:17
Castillos
22:22
Imperial
—
| APM promedio | 14.2 |
| APM pico | 39 |
| eAPM promedio | 10.7 |
| Aldeanos / militares | 102 / 0 |
Foco
⚔️ 18.5% · 🌾 81.5%
Fishing Ship ×38 · Unknown (2582) ×23 · Unknown (2579) ×12 · Unknown (2550) ×7
Mapa de la partida
Recursos al inicio + cada clic de construcción. Línea gruesa = muro · recuadro discontinuo = muro de casas detectado. 🟡 oro · ⚪ piedra · 🟢 bayas · 🔶 jabalí · ⭕ reliquia
Tu base· Abierta — hueco de 9t
Base de Dioin· Abierta — hueco de 4t
Base de eletura· Abierta — flanco sin cerrar
Base de Taxista· Abierta — hueco de 8t
Base de matiassarias23· Abierta — flanco sin cerrar
Base de jonasks_simoes· Abierta — hueco de 11t
Terreno con relieve · ⚠ = hueco de muro detectado · pasá el cursor para detalles
Inputs por minuto
— endolf - - Dioin
Build order — endolf
147 acciones detectadas en el replay
| 1:01 | Construir | Town Center |
| 1:17 | Construir | House |
| 1:18 | Construir | House |
| 1:21 | Construir | House |
| 3:18 | Crear | Villager (Male) |
| 3:19 | Crear | Villager (Male) |
| 3:19 | Crear | Villager (Male) |
| 3:19 | Crear | Villager (Male) |
| 4:19 | Crear | Villager (Male) |
| 4:54 | Crear | Villager (Male) |
| 6:05 | Crear | Villager (Male) |
| 7:08 | Crear | Villager (Male) |
| 7:09 | Crear | Villager (Male) |
| 8:06 | Crear | Villager (Male) |
| 8:06 | Crear | Villager (Male) |
| 8:18 | Construir | Lumber Camp |
| 8:50 | Construir | Dock |
| 8:55 | Crear | Villager (Male) |
| 8:56 | Crear | Villager (Male) |
| 9:21 | Crear | Villager (Male) |
| 9:45 | Crear | Fishing Ship |
| 9:45 | Crear | Fishing Ship |
| 9:45 | Crear | Fishing Ship |
| 10:31 | Crear | Villager (Male) |
| 10:31 | Crear | Villager (Male) |
| 10:31 | Crear | Villager (Male) |
| 10:32 | Crear | Villager (Male) |
| 10:32 | Crear | Villager (Male) |
| 10:44 | Construir | House |
| 10:45 | Construir | House |
| 10:47 | Construir | House |
| 11:37 | Construir | Mill |
| 11:50 | Crear | Fishing Ship |
| 12:14 | Crear | Fishing Ship |
| 12:40 | Investigar | Feudal Age |
| 12:51 | Construir | Lumber Camp |
| 13:07 | Crear | Fishing Ship |
| 13:54 | Crear | Fishing Ship |
| 13:55 | Crear | Fishing Ship |
| 13:55 | Crear | Fishing Ship |
| 14:03 | Construir | House |
| 14:06 | Construir | House |
| 14:07 | Construir | House |
| 14:10 | Construir | House |
| 14:58 | Investigar | Loom |
| 15:12 | Edad | Edad Feudal |
| 15:24 | Crear | Villager (Male) |
| 15:26 | Crear | Villager (Male) |
| 15:26 | Crear | Villager (Male) |
| 15:33 | Construir | House |
| 15:35 | Construir | House |
| 15:37 | Construir | House |
| 15:38 | Construir | House |
| 15:39 | Construir | House |
| 15:41 | Construir | House |
| 16:29 | Investigar | Double-Bit Axe |
| 16:59 | Construir | Mining Camp |
| 17:02 | Crear | Villager (Male) |
| 17:02 | Crear | Villager (Male) |
| 17:20 | Crear | Fishing Ship |
| 17:20 | Crear | Fishing Ship |
| 17:20 | Crear | Fishing Ship |
| 17:21 | Crear | Fishing Ship |
| 17:21 | Crear | Fishing Ship |
| 17:22 | Crear | Fishing Ship |
| 17:22 | Crear | Fishing Ship |
| 17:22 | Crear | Fishing Ship |
| 17:45 | Crear | Galley |
| 17:54 | Crear | Villager (Male) |
| 17:55 | Crear | Villager (Male) |
| 18:11 | Crear | Villager (Male) |
| 18:12 | Crear | Villager (Male) |
| 18:26 | Construir | Market |
| 18:44 | Construir | Blacksmith |
| 19:34 | Construir | Mining Camp |
| 19:40 | Crear | Villager (Male) |
| 19:40 | Crear | Villager (Male) |
| 19:40 | Crear | Villager (Male) |
| 19:52 | Construir | Farm |
| 19:53 | Construir | Farm |
| 19:56 | Construir | Farm |
| 19:58 | Construir | Farm |
| 20:00 | Construir | Farm |
| 20:02 | Construir | Farm |
| 20:04 | Construir | Farm |
| 20:10 | Crear | Villager (Male) |
| 20:10 | Crear | Villager (Male) |
| 21:29 | Construir | Farm |
| 21:32 | Construir | Farm |
| 21:38 | Construir | Farm |
| 21:43 | Construir | Farm |
| 22:25 | Investigar | Horse Collar |
| 22:30 | Investigar | Castle Age |
| 22:31 | Investigar | Wheelbarrow |
| 22:32 | Crear | Villager (Male) |
| 22:32 | Crear | Villager (Male) |
| 22:32 | Crear | Villager (Male) |
| 22:33 | Crear | Villager (Male) |
| 22:58 | Crear | Fishing Ship |
| 22:58 | Crear | Fishing Ship |
| 22:59 | Crear | Fishing Ship |
| 22:59 | Crear | Fishing Ship |
| 22:59 | Crear | Fishing Ship |
| 25:05 | Construir | House |
| 25:10 | Edad | Edad de los Castillos |
| 25:24 | Construir | House |
| 26:11 | Construir | Castle |
| 26:29 | Construir | Town Center |
| 26:53 | Construir | House |
| 27:23 | Construir | Watch Tower |
| 27:36 | Crear | Villager (Male) |
| 27:36 | Crear | Villager (Male) |
| 27:37 | Crear | Villager (Male) |
| 27:50 | Investigar | Hand Cart |
| 27:55 | Crear | Villager (Male) |
| 27:56 | Crear | Villager (Male) |
| 27:56 | Crear | Villager (Male) |
| 28:02 | Construir | University |
| 28:32 | Construir | Town Center |
| 29:15 | Investigar | Tech 909 |
| 29:16 | Investigar | Chemistry |
| 29:40 | Crear | Villager (Male) |
| 29:40 | Crear | Villager (Male) |
| 29:41 | Crear | Villager (Male) |
| 29:41 | Crear | Villager (Male) |
| 30:45 | Investigar | Heavy Plow |
| 30:49 | Investigar | Bow Saw |
| 30:54 | Crear | Villager (Male) |
| 30:55 | Crear | Villager (Male) |
| 30:55 | Crear | Villager (Male) |
| 30:59 | Crear | Villager (Male) |
| 31:25 | Construir | Castle |
| 32:17 | Construir | Lumber Camp |
| 32:44 | Crear | Villager (Male) |
| 32:44 | Crear | Villager (Male) |
| 32:45 | Crear | Villager (Male) |
| 32:45 | Crear | Villager (Male) |
| 32:51 | Construir | Mining Camp |
| 33:13 | Crear | Villager (Male) |
| 33:13 | Crear | Villager (Male) |
| 33:14 | Crear | Villager (Male) |
| 33:15 | Crear | Villager (Male) |
| 33:16 | Crear | Villager (Male) |
| 33:16 | Crear | Villager (Male) |
| 33:17 | Crear | Villager (Male) |
| 33:41 | Investigar | Imperial Age |
| 34:54 | Construir | Siege Workshop |
Build order — Dioin
Primeras 150 de 168 acciones detectadas
| 0:03 | Construir | Town Center |
| 1:52 | Construir | House |
| 2:45 | Crear | Villager (Male) |
| 2:45 | Crear | Villager (Male) |
| 2:45 | Crear | Villager (Male) |
| 2:46 | Crear | Villager (Male) |
| 4:06 | Construir | House |
| 4:16 | Construir | Palisade Wall |
| 4:19 | Construir | Palisade Wall |
| 5:28 | Crear | Villager (Male) |
| 5:28 | Crear | Villager (Male) |
| 5:38 | Construir | Dock |
| 5:53 | Investigar | Loom |
| 6:24 | Crear | Villager (Male) |
| 6:25 | Crear | Villager (Male) |
| 6:46 | Crear | Fishing Ship |
| 7:14 | Crear | Villager (Male) |
| 7:44 | Construir | House |
| 8:05 | Crear | Villager (Male) |
| 8:06 | Crear | Villager (Male) |
| 8:51 | Construir | House |
| 8:55 | Construir | House |
| 9:02 | Crear | Villager (Male) |
| 9:02 | Crear | Villager (Male) |
| 9:03 | Crear | Villager (Male) |
| 10:03 | Crear | Fishing Ship |
| 10:23 | Crear | Villager (Male) |
| 10:24 | Crear | Villager (Male) |
| 10:24 | Crear | Villager (Male) |
| 10:27 | Crear | Fishing Ship |
| 10:54 | Crear | Fishing Ship |
| 11:40 | Construir | Settlement |
| 11:46 | Crear | Villager (Male) |
| 11:47 | Crear | Villager (Male) |
| 11:47 | Crear | Villager (Male) |
| 12:13 | Crear | Fishing Ship |
| 12:42 | Crear | Fishing Ship |
| 13:13 | Crear | Villager (Male) |
| 13:16 | Crear | Fishing Ship |
| 13:34 | Construir | Farm |
| 13:34 | Construir | Farm |
| 13:36 | Construir | Farm |
| 13:56 | Construir | Settlement |
| 14:01 | Crear | Villager (Male) |
| 14:52 | Construir | Farm |
| 14:53 | Crear | Villager (Male) |
| 14:59 | Crear | Fishing Ship |
| 15:15 | Investigar | Feudal Age |
| 15:31 | Construir | Farm |
| 15:36 | Construir | House |
| 15:39 | Construir | House |
| 16:32 | Crear | Fishing Ship |
| 16:42 | Construir | Farm |
| 17:13 | Crear | Villager (Male) |
| 17:28 | Edad | Edad Feudal |
| 17:47 | Construir | Market |
| 18:03 | Crear | Villager (Male) |
| 18:04 | Crear | Villager (Male) |
| 18:48 | Construir | Blacksmith |
| 18:51 | Crear | Villager (Male) |
| 19:06 | Investigar | Double-Bit Axe |
| 19:06 | Investigar | Double-Bit Axe |
| 19:10 | Investigar | Castle Age |
| 19:49 | Crear | Spearman |
| 19:49 | Crear | Spearman |
| 19:51 | Crear | Spearman |
| 19:55 | Crear | Spearman |
| 19:55 | Crear | Spearman |
| 20:41 | Construir | Settlement |
| 20:45 | Crear | Villager (Male) |
| 20:45 | Crear | Villager (Male) |
| 21:02 | Crear | Villager (Male) |
| 21:13 | Crear | Spearman |
| 21:20 | Crear | Spearman |
| 21:39 | Construir | Barracks |
| 21:58 | Edad | Edad de los Castillos |
| 22:01 | Construir | House |
| 22:02 | Construir | House |
| 22:06 | Construir | Palisade Wall |
| 22:14 | Crear | Villager (Male) |
| 22:14 | Crear | Villager (Male) |
| 22:14 | Crear | Villager (Male) |
| 22:25 | Construir | Town Center |
| 22:31 | Investigar | Fletching |
| 22:38 | Crear | Villager (Male) |
| 22:38 | Crear | Villager (Male) |
| 23:04 | Investigar | Bodkin Arrow |
| 23:10 | Crear | Villager (Male) |
| 23:10 | Crear | Villager (Male) |
| 23:37 | Construir | Siege Workshop |
| 23:55 | Crear | Villager (Male) |
| 23:55 | Crear | Villager (Male) |
| 24:10 | Construir | Archery Range |
| 24:22 | Crear | Villager (Male) |
| 24:22 | Crear | Villager (Male) |
| 24:32 | Crear | Villager (Male) |
| 24:32 | Crear | Villager (Male) |
| 25:17 | Construir | Castle |
| 25:21 | Crear | Villager (Male) |
| 25:21 | Crear | Villager (Male) |
| 25:24 | Crear | Bolas Rider |
| 25:24 | Crear | Bolas Rider |
| 25:25 | Crear | Bolas Rider |
| 25:25 | Crear | Bolas Rider |
| 25:25 | Crear | Bolas Rider |
| 25:43 | Crear | Villager (Male) |
| 25:44 | Crear | Villager (Male) |
| 25:59 | Construir | Dock |
| 26:01 | Crear | Villager (Male) |
| 26:13 | Crear | Villager (Male) |
| 26:33 | Crear | Bolas Rider |
| 26:57 | Crear | Kona |
| 27:01 | Crear | Bolas Rider |
| 27:06 | Crear | Battering Ram |
| 27:19 | Construir | Farm |
| 27:19 | Construir | Farm |
| 27:28 | Construir | Farm |
| 27:28 | Construir | Farm |
| 27:28 | Construir | Farm |
| 27:29 | Construir | Farm |
| 27:29 | Construir | Farm |
| 27:29 | Construir | Farm |
| 27:29 | Construir | Farm |
| 27:30 | Construir | Farm |
| 27:30 | Construir | Farm |
| 27:30 | Construir | Farm |
| 27:36 | Crear | Villager (Male) |
| 27:58 | Crear | Battering Ram |
| 28:43 | Investigar | Tech 1402 |
| 28:43 | Crear | Unit 2550 |
| 28:43 | Crear | Unit 2550 |
| 29:00 | Crear | Villager (Male) |
| 29:01 | Crear | Villager (Male) |
| 29:01 | Crear | Villager (Male) |
| 29:04 | Construir | University |
| 29:06 | Crear | Bolas Rider |
| 29:07 | Crear | Bolas Rider |
| 30:31 | Crear | Bolas Rider |
| 30:32 | Crear | Bolas Rider |
| 30:37 | Crear | Villager (Male) |
| 30:37 | Crear | Villager (Male) |
| 30:38 | Crear | Villager (Male) |
| 30:38 | Crear | Villager (Male) |
| 30:38 | Crear | Villager (Male) |
| 30:38 | Crear | Villager (Male) |
| 30:43 | Construir | Town Center |
| 31:15 | Crear | Villager (Male) |
| 31:16 | Crear | Villager (Male) |
| 31:16 | Crear | Villager (Male) |
| 31:31 | Construir | Castle |
Build order — eletura
Primeras 150 de 204 acciones detectadas
| 1:00 | Construir | Dock |
| 1:39 | Construir | Town Center |
| 4:01 | Crear | Villager (Male) |
| 4:01 | Crear | Villager (Male) |
| 4:01 | Crear | Villager (Male) |
| 4:01 | Crear | Villager (Male) |
| 5:06 | Crear | Villager (Male) |
| 5:59 | Crear | Villager (Male) |
| 6:00 | Crear | Villager (Male) |
| 6:29 | Crear | Villager (Male) |
| 6:29 | Crear | Villager (Male) |
| 6:51 | Crear | Villager (Male) |
| 7:15 | Crear | Villager (Male) |
| 7:33 | Crear | Villager (Male) |
| 7:53 | Crear | Villager (Male) |
| 7:53 | Crear | Villager (Male) |
| 8:01 | Construir | Dock |
| 8:31 | Crear | Villager (Male) |
| 8:31 | Crear | Villager (Male) |
| 9:07 | Crear | Villager (Male) |
| 9:23 | Investigar | Loom |
| 9:26 | Crear | Villager (Male) |
| 9:26 | Crear | Villager (Male) |
| 9:44 | Construir | Lumber Camp |
| 10:03 | Crear | Villager (Male) |
| 10:16 | Crear | Villager (Male) |
| 11:02 | Construir | Barracks |
| 11:18 | Crear | Villager (Male) |
| 11:26 | Crear | Villager (Male) |
| 11:32 | Crear | Fishing Ship |
| 11:32 | Crear | Fishing Ship |
| 11:38 | Crear | Villager (Male) |
| 12:13 | Construir | Mill |
| 12:25 | Crear | Villager (Male) |
| 12:39 | Crear | Fishing Ship |
| 12:39 | Crear | Fishing Ship |
| 12:41 | Crear | Villager (Male) |
| 12:43 | Crear | Villager (Male) |
| 13:15 | Crear | Fishing Ship |
| 13:34 | Construir | Mill |
| 14:18 | Crear | Villager (Male) |
| 14:31 | Crear | Fishing Ship |
| 14:31 | Crear | Transport Ship |
| 14:36 | Crear | Fishing Ship |
| 14:43 | Investigar | Feudal Age |
| 14:47 | Crear | Militia |
| 14:59 | Crear | Militia |
| 14:59 | Crear | Militia |
| 15:19 | Crear | Villager (Male) |
| 15:36 | Crear | Villager (Male) |
| 15:41 | Crear | Villager (Male) |
| 16:02 | Crear | Militia |
| 16:45 | Crear | Villager (Male) |
| 16:46 | Crear | Militia |
| 16:53 | Edad | Edad Feudal |
| 17:08 | Crear | Militia |
| 17:22 | Investigar | Man-at-Arms (upgrade) |
| 17:52 | Crear | Militia |
| 18:00 | Crear | Militia |
| 18:07 | Construir | Blacksmith |
| 18:09 | Construir | Lumber Camp |
| 18:10 | Crear | Villager (Male) |
| 18:10 | Crear | Villager (Male) |
| 18:16 | Crear | Militia |
| 18:17 | Crear | Militia |
| 18:43 | Construir | Archery Range |
| 18:53 | Investigar | Forging |
| 19:12 | Crear | Militia |
| 19:17 | Construir | Archery Range |
| 19:21 | Investigar | Double-Bit Axe |
| 19:22 | Crear | Villager (Male) |
| 19:24 | Crear | Demolition Raft |
| 19:24 | Crear | Demolition Raft |
| 19:25 | Investigar | Tech 906 |
| 19:33 | Crear | Militia |
| 19:42 | Crear | Archer |
| 19:42 | Crear | Archer |
| 19:49 | Crear | Villager (Male) |
| 19:51 | Crear | Villager (Male) |
| 19:54 | Crear | Transport Ship |
| 19:55 | Crear | Villager (Male) |
| 19:57 | Crear | Villager (Male) |
| 20:04 | Crear | Archer |
| 20:24 | Construir | Farm |
| 20:24 | Construir | Farm |
| 20:25 | Construir | Farm |
| 20:29 | Construir | Farm |
| 20:31 | Crear | Villager (Male) |
| 20:34 | Crear | Archer |
| 20:35 | Crear | Archer |
| 20:36 | Crear | Archer |
| 20:40 | Crear | Villager (Male) |
| 20:43 | Construir | Farm |
| 20:59 | Crear | Fire Galley |
| 21:00 | Crear | Fire Galley |
| 21:00 | Crear | Villager (Male) |
| 21:10 | Crear | Skirmisher |
| 21:10 | Crear | Villager (Male) |
| 21:23 | Construir | Dock |
| 21:24 | Crear | Villager (Male) |
| 21:30 | Crear | Militia |
| 21:30 | Crear | Militia |
| 21:33 | Crear | Archer |
| 21:34 | Crear | Skirmisher |
| 21:41 | Crear | Villager (Male) |
| 21:49 | Crear | Villager (Male) |
| 21:51 | Crear | Villager (Male) |
| 21:57 | Investigar | Fletching |
| 22:00 | Crear | Skirmisher |
| 22:00 | Crear | Skirmisher |
| 22:14 | Construir | Mining Camp |
| 22:44 | Crear | Villager (Male) |
| 22:59 | Crear | Archer |
| 22:59 | Crear | Skirmisher |
| 22:59 | Crear | Archer |
| 22:59 | Crear | Skirmisher |
| 22:59 | Crear | Archer |
| 23:00 | Crear | Skirmisher |
| 23:21 | Investigar | Scale Mail Armor |
| 23:42 | Construir | Mining Camp |
| 23:52 | Crear | Archer |
| 23:53 | Crear | Archer |
| 23:55 | Crear | Militia |
| 24:10 | Crear | Archer |
| 24:11 | Crear | Archer |
| 24:11 | Crear | Militia |
| 24:29 | Crear | Villager (Male) |
| 24:30 | Crear | Villager (Male) |
| 24:34 | Crear | Villager (Male) |
| 24:43 | Construir | Market |
| 24:47 | Construir | Lumber Camp |
| 24:47 | Crear | Villager (Male) |
| 24:54 | Crear | Archer |
| 24:54 | Crear | Archer |
| 24:57 | Crear | Archer |
| 25:29 | Crear | Archer |
| 25:29 | Crear | Archer |
| 25:35 | Crear | Militia |
| 25:43 | Construir | Watch Tower |
| 25:51 | Crear | Villager (Male) |
| 25:51 | Crear | Villager (Male) |
| 25:59 | Crear | Villager (Male) |
| 25:59 | Crear | Villager (Male) |
| 26:06 | Crear | Villager (Male) |
| 26:15 | Crear | Villager (Male) |
| 26:28 | Crear | Archer |
| 26:28 | Crear | Archer |
| 26:30 | Crear | Archer |
| 26:30 | Crear | Archer |
| 26:32 | Crear | Villager (Male) |
Build order — Taxista
Primeras 150 de 223 acciones detectadas
| 0:14 | Construir | Town Center |
| 0:44 | Construir | Dock |
| 0:47 | Construir | House |
| 2:24 | Crear | Villager (Male) |
| 2:25 | Crear | Villager (Male) |
| 2:25 | Crear | Villager (Male) |
| 2:25 | Crear | Villager (Male) |
| 3:18 | Crear | Villager (Male) |
| 4:03 | Crear | Villager (Male) |
| 4:15 | Construir | House |
| 4:25 | Crear | Villager (Male) |
| 5:05 | Crear | Villager (Male) |
| 5:06 | Crear | Villager (Male) |
| 5:45 | Crear | Villager (Male) |
| 5:45 | Crear | Villager (Male) |
| 5:54 | Construir | House |
| 5:59 | Crear | Villager (Male) |
| 6:39 | Crear | Villager (Male) |
| 6:57 | Crear | Villager (Male) |
| 7:16 | Construir | Mill |
| 7:22 | Crear | Villager (Male) |
| 7:23 | Crear | Villager (Male) |
| 7:55 | Crear | Villager (Male) |
| 8:03 | Crear | Villager (Male) |
| 9:03 | Crear | Villager (Male) |
| 9:10 | Crear | Villager (Male) |
| 9:15 | Construir | House |
| 9:25 | Crear | Fishing Ship |
| 9:26 | Crear | Fishing Ship |
| 9:32 | Construir | House |
| 9:42 | Crear | Villager (Male) |
| 10:11 | Construir | Barracks |
| 10:17 | Crear | Villager (Male) |
| 10:17 | Crear | Villager (Male) |
| 10:18 | Crear | Villager (Male) |
| 10:19 | Investigar | Loom |
| 10:53 | Crear | Fishing Ship |
| 11:08 | Crear | Militia |
| 11:09 | Crear | Militia |
| 11:45 | Construir | Mining Camp |
| 11:49 | Investigar | Feudal Age |
| 11:55 | Construir | House |
| 12:24 | Construir | House |
| 12:25 | Construir | House |
| 13:22 | Construir | Lumber Camp |
| 13:27 | Crear | Fishing Ship |
| 13:31 | Construir | House |
| 13:37 | Crear | Militia |
| 13:37 | Crear | Militia |
| 14:23 | Edad | Edad Feudal |
| 14:28 | Crear | Villager (Male) |
| 14:29 | Investigar | Double-Bit Axe |
| 14:41 | Construir | Lumber Camp |
| 14:47 | Crear | Demolition Raft |
| 14:48 | Crear | Demolition Raft |
| 15:28 | Investigar | Horse Collar |
| 15:32 | Construir | Farm |
| 15:34 | Investigar | Wheelbarrow |
| 15:51 | Crear | Demolition Raft |
| 15:56 | Crear | Demolition Raft |
| 16:01 | Crear | Fishing Ship |
| 16:02 | Crear | Fishing Ship |
| 16:03 | Crear | Fishing Ship |
| 16:08 | Crear | Villager (Male) |
| 16:09 | Crear | Villager (Male) |
| 16:14 | Crear | Demolition Raft |
| 16:38 | Crear | Villager (Male) |
| 17:00 | Crear | Militia |
| 17:00 | Crear | Militia |
| 17:01 | Investigar | Man-at-Arms (upgrade) |
| 17:05 | Construir | Barracks |
| 17:20 | Construir | Dock |
| 17:26 | Crear | Demolition Raft |
| 17:27 | Crear | Demolition Raft |
| 17:27 | Crear | Demolition Raft |
| 17:41 | Crear | Militia |
| 17:43 | Crear | Militia |
| 18:34 | Crear | Militia |
| 18:34 | Crear | Militia |
| 18:34 | Crear | Militia |
| 18:40 | Construir | Farm |
| 18:41 | Construir | Farm |
| 18:44 | Construir | Farm |
| 18:44 | Construir | Farm |
| 18:44 | Construir | Farm |
| 18:44 | Construir | Farm |
| 18:44 | Construir | Farm |
| 18:51 | Crear | Militia |
| 18:54 | Construir | Blacksmith |
| 19:09 | Construir | Farm |
| 19:44 | Crear | Militia |
| 19:45 | Crear | Militia |
| 19:45 | Crear | Militia |
| 20:12 | Crear | Fishing Ship |
| 20:13 | Crear | Fishing Ship |
| 20:13 | Crear | Fishing Ship |
| 20:13 | Crear | Fishing Ship |
| 20:13 | Crear | Fishing Ship |
| 20:21 | Construir | House |
| 20:22 | Construir | House |
| 20:33 | Construir | House |
| 20:56 | Construir | Market |
| 21:29 | Construir | Farm |
| 21:33 | Construir | Farm |
| 22:04 | Investigar | Castle Age |
| 22:11 | Construir | Farm |
| 22:50 | Crear | Militia |
| 22:50 | Crear | Militia |
| 22:50 | Crear | Militia |
| 23:03 | Crear | Militia |
| 23:03 | Crear | Militia |
| 23:25 | Construir | Archery Range |
| 23:26 | Construir | Archery Range |
| 24:07 | Investigar | Scale Mail Armor |
| 24:08 | Investigar | Forging |
| 24:09 | Crear | Militia |
| 24:09 | Crear | Militia |
| 24:10 | Crear | Militia |
| 24:31 | Crear | Militia |
| 24:31 | Crear | Militia |
| 24:44 | Edad | Edad de los Castillos |
| 24:47 | Crear | Skirmisher |
| 24:47 | Crear | Skirmisher |
| 24:49 | Crear | Skirmisher |
| 24:59 | Construir | Town Center |
| 25:44 | Crear | Militia |
| 25:45 | Crear | Militia |
| 26:17 | Crear | Villager (Male) |
| 26:17 | Crear | Villager (Male) |
| 26:18 | Crear | Villager (Male) |
| 26:18 | Crear | Villager (Male) |
| 26:18 | Crear | Villager (Male) |
| 26:18 | Crear | Villager (Male) |
| 26:19 | Crear | Villager (Male) |
| 26:19 | Crear | Villager (Male) |
| 26:41 | Construir | Farm |
| 26:53 | Investigar | Squires |
| 26:55 | Crear | Militia |
| 26:55 | Crear | Militia |
| 26:55 | Crear | Militia |
| 27:21 | Crear | Skirmisher |
| 27:22 | Crear | Skirmisher |
| 27:22 | Crear | Skirmisher |
| 27:23 | Crear | Skirmisher |
| 27:25 | Crear | Militia |
| 27:25 | Crear | Militia |
| 27:27 | Crear | Villager (Male) |
| 27:37 | Construir | Town Center |
| 27:57 | Construir | House |
| 27:59 | Construir | House |
Build order — matiassarias23
86 acciones detectadas en el replay
| 2:08 | Construir | Town Center |
| 5:59 | Construir | House |
| 8:33 | Crear | Villager (Male) |
| 8:53 | Construir | Mining Camp |
| 9:44 | Crear | Villager (Male) |
| 11:03 | Crear | Villager (Male) |
| 11:51 | Construir | Dock |
| 12:16 | Crear | Villager (Male) |
| 12:41 | Crear | Villager (Male) |
| 13:10 | Construir | Mill |
| 13:13 | Crear | Villager (Male) |
| 13:16 | Crear | Fishing Ship |
| 13:17 | Crear | Fishing Ship |
| 13:17 | Crear | Fishing Ship |
| 13:28 | Crear | Villager (Male) |
| 14:16 | Crear | Villager (Male) |
| 14:22 | Crear | Fishing Ship |
| 14:46 | Construir | Farm |
| 15:45 | Construir | Farm |
| 17:06 | Investigar | Feudal Age |
| 17:17 | Construir | Barracks |
| 18:29 | Construir | House |
| 18:30 | Construir | House |
| 18:34 | Construir | House |
| 18:40 | Construir | House |
| 19:16 | Edad | Edad Feudal |
| 19:25 | Construir | Watch Tower |
| 19:36 | Crear | Villager (Male) |
| 19:36 | Crear | Villager (Male) |
| 19:36 | Crear | Villager (Male) |
| 19:37 | Crear | Villager (Male) |
| 19:46 | Investigar | Horse Collar |
| 20:07 | Construir | Watch Tower |
| 20:13 | Construir | Watch Tower |
| 20:26 | Construir | Farm |
| 20:35 | Crear | Villager (Male) |
| 21:00 | Crear | Villager (Male) |
| 21:15 | Construir | Blacksmith |
| 21:44 | Construir | Watch Tower |
| 21:47 | Construir | Watch Tower |
| 21:54 | Construir | Watch Tower |
| 22:18 | Construir | Lumber Camp |
| 22:28 | Construir | Farm |
| 22:31 | Crear | Villager (Male) |
| 22:31 | Crear | Villager (Male) |
| 22:31 | Crear | Villager (Male) |
| 22:32 | Crear | Villager (Male) |
| 23:00 | Construir | Stone Wall |
| 23:19 | Crear | Villager (Male) |
| 23:19 | Crear | Villager (Male) |
| 23:19 | Crear | Villager (Male) |
| 23:30 | Construir | Farm |
| 23:36 | Construir | Farm |
| 23:40 | Investigar | Fletching |
| 23:57 | Crear | Villager (Male) |
| 23:58 | Crear | Villager (Male) |
| 23:58 | Crear | Villager (Male) |
| 24:35 | Construir | House |
| 24:37 | Construir | House |
| 24:49 | Crear | Villager (Male) |
| 24:49 | Crear | Villager (Male) |
| 25:18 | Construir | Mining Camp |
| 25:23 | Crear | Villager (Male) |
| 25:23 | Crear | Villager (Male) |
| 25:36 | Construir | Archery Range |
| 25:41 | Construir | House |
| 26:00 | Crear | Villager (Male) |
| 26:07 | Construir | Farm |
| 26:38 | Crear | Villager (Male) |
| 26:38 | Crear | Villager (Male) |
| 27:23 | Crear | Archer |
| 27:23 | Crear | Skirmisher |
| 27:24 | Crear | Archer |
| 27:24 | Crear | Skirmisher |
| 27:24 | Crear | Skirmisher |
| 27:25 | Crear | Skirmisher |
| 27:25 | Crear | Archer |
| 27:25 | Crear | Skirmisher |
| 27:25 | Crear | Archer |
| 27:25 | Crear | Skirmisher |
| 27:54 | Construir | Farm |
| 28:11 | Construir | House |
| 28:46 | Construir | House |
| 28:47 | Construir | House |
| 28:53 | Construir | House |
| 28:55 | Construir | House |
Build order — jonasks_simoes
Primeras 150 de 246 acciones detectadas
| 1:09 | Construir | Town Center |
| 2:40 | Construir | House |
| 2:45 | Construir | House |
| 3:07 | Crear | Villager (Male) |
| 3:08 | Crear | Villager (Male) |
| 3:08 | Crear | Villager (Male) |
| 3:08 | Crear | Villager (Male) |
| 3:08 | Crear | Villager (Male) |
| 4:49 | Crear | Villager (Male) |
| 4:50 | Crear | Villager (Male) |
| 4:50 | Crear | Villager (Male) |
| 4:50 | Crear | Villager (Male) |
| 4:50 | Crear | Villager (Male) |
| 6:02 | Crear | Villager (Male) |
| 6:02 | Crear | Villager (Male) |
| 6:02 | Crear | Villager (Male) |
| 6:22 | Construir | Settlement |
| 6:54 | Crear | Villager (Male) |
| 7:09 | Construir | House |
| 7:39 | Construir | Dock |
| 7:59 | Crear | Villager (Male) |
| 7:59 | Crear | Villager (Male) |
| 8:16 | Construir | Farm |
| 8:41 | Crear | Fishing Ship |
| 8:51 | Crear | Villager (Male) |
| 8:51 | Crear | Villager (Male) |
| 9:15 | Crear | Villager (Male) |
| 9:25 | Construir | Farm |
| 9:38 | Crear | Fishing Ship |
| 10:01 | Investigar | Loom |
| 10:11 | Crear | Fishing Ship |
| 10:26 | Crear | Fishing Ship |
| 11:09 | Crear | Fishing Ship |
| 11:10 | Crear | Fishing Ship |
| 11:23 | Construir | House |
| 12:07 | Investigar | Feudal Age |
| 12:31 | Construir | Barracks |
| 12:53 | Crear | Villager (Male) |
| 12:58 | Crear | Fishing Ship |
| 13:48 | Construir | Settlement |
| 14:17 | Edad | Edad Feudal |
| 14:19 | Investigar | Double-Bit Axe |
| 14:22 | Crear | Villager (Male) |
| 14:22 | Crear | Villager (Male) |
| 14:35 | Investigar | Tech 1402 |
| 14:45 | Crear | Villager (Male) |
| 14:45 | Crear | Villager (Male) |
| 14:45 | Crear | Villager (Male) |
| 14:47 | Crear | Villager (Male) |
| 14:47 | Crear | Villager (Male) |
| 15:06 | Crear | Fishing Ship |
| 15:07 | Investigar | Tech 906 |
| 15:19 | Investigar | Tech 906 |
| 16:13 | Construir | Dock |
| 16:31 | Crear | Fishing Ship |
| 16:42 | Construir | House |
| 16:47 | Construir | House |
| 16:48 | Construir | House |
| 16:50 | Construir | House |
| 17:00 | Crear | Villager (Male) |
| 17:00 | Crear | Villager (Male) |
| 17:06 | Investigar | Wheelbarrow |
| 17:36 | Construir | Blacksmith |
| 17:58 | Crear | Unit 2550 |
| 17:58 | Crear | Unit 2550 |
| 17:58 | Crear | Unit 2550 |
| 17:58 | Crear | Unit 2550 |
| 17:59 | Crear | Unit 2550 |
| 18:01 | Crear | Unit 2550 |
| 18:28 | Construir | Market |
| 19:19 | Investigar | Castle Age |
| 19:29 | Crear | Unit 2550 |
| 19:35 | Investigar | Gold Mining |
| 19:42 | Crear | Fishing Ship |
| 19:42 | Crear | Fishing Ship |
| 19:42 | Crear | Fishing Ship |
| 19:45 | Crear | Villager (Male) |
| 19:46 | Crear | Villager (Male) |
| 20:09 | Crear | Fishing Ship |
| 20:17 | Investigar | Scale Mail Armor |
| 22:22 | Edad | Edad de los Castillos |
| 22:25 | Crear | Villager (Male) |
| 22:25 | Crear | Villager (Male) |
| 22:25 | Crear | Villager (Male) |
| 22:37 | Construir | Town Center |
| 22:55 | Construir | Town Center |
| 23:06 | Crear | Villager (Male) |
| 23:06 | Crear | Villager (Male) |
| 23:07 | Crear | Villager (Male) |
| 23:38 | Crear | Villager (Male) |
| 23:39 | Crear | Villager (Male) |
| 23:43 | Investigar | Tech 1351 |
| 24:03 | Construir | Archery Range |
| 24:12 | Crear | Unit 2582 |
| 24:12 | Crear | Unit 2582 |
| 24:12 | Crear | Unit 2582 |
| 24:13 | Crear | Unit 2582 |
| 24:13 | Crear | Unit 2582 |
| 24:13 | Crear | Unit 2582 |
| 24:22 | Crear | Villager (Male) |
| 24:22 | Crear | Villager (Male) |
| 24:22 | Crear | Villager (Male) |
| 24:22 | Crear | Villager (Male) |
| 24:23 | Crear | Villager (Male) |
| 24:23 | Crear | Villager (Male) |
| 24:23 | Investigar | Hand Cart |
| 24:42 | Investigar | Chain Mail Armor |
| 25:24 | Crear | Villager (Male) |
| 25:25 | Crear | Villager (Male) |
| 25:25 | Crear | Villager (Male) |
| 25:25 | Crear | Villager (Male) |
| 25:25 | Crear | Villager (Male) |
| 25:25 | Crear | Villager (Male) |
| 25:26 | Crear | Villager (Male) |
| 25:26 | Crear | Villager (Male) |
| 25:26 | Crear | Villager (Male) |
| 25:44 | Crear | Villager (Male) |
| 25:44 | Crear | Villager (Male) |
| 26:00 | Construir | House |
| 26:01 | Construir | House |
| 26:02 | Construir | House |
| 26:04 | Construir | House |
| 26:05 | Construir | House |
| 26:06 | Construir | House |
| 26:08 | Construir | House |
| 26:48 | Crear | Villager (Male) |
| 26:48 | Crear | Villager (Male) |
| 26:48 | Crear | Villager (Male) |
| 26:49 | Crear | Villager (Male) |
| 26:49 | Crear | Villager (Male) |
| 26:49 | Crear | Villager (Male) |
| 27:01 | Crear | Fishing Ship |
| 27:01 | Crear | Fishing Ship |
| 27:01 | Crear | Fishing Ship |
| 27:01 | Crear | Fishing Ship |
| 27:01 | Crear | Fishing Ship |
| 27:23 | Construir | Siege Workshop |
| 27:54 | Crear | Villager (Male) |
| 27:54 | Crear | Villager (Male) |
| 27:54 | Crear | Villager (Male) |
| 27:54 | Crear | Villager (Male) |
| 28:07 | Construir | Barracks |
| 28:12 | Crear | Villager (Male) |
| 28:12 | Crear | Villager (Male) |
| 28:12 | Crear | Villager (Male) |
| 28:13 | Crear | Villager (Male) |
| 28:35 | Construir | Dock |
| 29:20 | Crear | Villager (Male) |
| 29:20 | Crear | Villager (Male) |
| 29:21 | Crear | Villager (Male) |
Cronología de la partida
| 0:44 | Taxista · first_building Dock |
| 1:00 | eletura · first_building Dock |
| 4:16 | Dioin · wall_segment Palisade Wall x1 |
| 4:19 | Dioin · wall_segment Palisade Wall x1 |
| 5:38 | Dioin · first_building Dock |
| 7:39 | jonasks_simoes · first_building Dock |
| 8:50 | endolf · first_building Dock |
| 10:11 | Taxista · first_building Barracks |
| 11:02 | eletura · first_building Barracks |
| 11:51 | matiassarias23 · first_building Dock |
| 12:31 | jonasks_simoes · first_building Barracks |
| 14:17 | jonasks_simoes · age_up feudal |
| 14:23 | Taxista · age_up feudal |
| 15:12 | endolf · age_up feudal |
| 16:53 | eletura · age_up feudal |
| 17:17 | matiassarias23 · first_building Barracks |
| 17:28 | Dioin · age_up feudal |
| 18:37 | Dioin · first_market_sell 100 food |
| 18:39 | Dioin · first_market_buy 100 wood |
| 18:43 | eletura · first_building Archery Range |
| 19:16 | matiassarias23 · age_up feudal |
| 21:39 | Dioin · first_building Barracks |
| 21:58 | Dioin · age_up castle |
| 22:06 | Dioin · wall_segment Palisade Wall x3 |
| 22:22 | jonasks_simoes · age_up castle |
| 23:00 | matiassarias23 · wall_segment Stone Wall x20 |
| 23:25 | Taxista · first_building Archery Range |
| 23:37 | Dioin · first_building Siege Workshop |
| 24:03 | jonasks_simoes · first_building Archery Range |
| 24:10 | Dioin · first_building Archery Range |
| 24:44 | Taxista · age_up castle |
| 25:10 | endolf · age_up castle |
| 25:17 | Dioin · first_building Castle |
| 25:36 | matiassarias23 · first_building Archery Range |
| 26:11 | endolf · first_building Castle |
| 27:23 | jonasks_simoes · first_building Siege Workshop |
| 28:23 | eletura · first_market_sell 100 wood |
| 28:26 | eletura · first_market_buy 100 food |
| 29:45 | endolf · first_market_buy 100 stone |
| 29:47 | endolf · first_market_sell 100 food |
| 30:46 | jonasks_simoes · first_building Castle |
| 31:16 | eletura · age_up castle |
| 31:49 | jonasks_simoes · first_market_buy 100 wood |
| 32:02 | eletura · first_building Siege Workshop |
| 34:18 | jonasks_simoes · first_market_sell 100 wood |
| 34:45 | eletura · resign |
| 34:54 | endolf · first_building Siege Workshop |
[ ANÁLISIS IA · 1 CRÉDITO ]
¿Qué pasó realmente en esta partida?
Wolo.gg analiza cada decisión: build order, eco, micro, errores típicos por bracket. Análisis personalizado por WhatsApp o Discord en 30 segundos.
Guía civ
Bohemios
Guía mapa
Nomad
Perfil
Jugador #12436745